 Dungeon Crawl Stone Soup version 0.31-a0-204-g7da18cac08 (webtiles) character file.

Game seed: 6763893741182123940

130 qw the Skirmisher (level 4, -1/25 HPs)
             Began as a Deep Elf Hunter on June 27, 2023.
             Slain by a gnoll sergeant
             ... wielding a +0 trident
              (5 damage)
             ... on level 4 of the Dungeon.
             The game lasted 00:00:57 (2236 turns).

qw the Skirmisher (Deep Elf Hunter)                 Turns: 2236, Time: 00:00:58

Health: -1/25      AC: 13    Str: 10    XL:     4   Next: 89%
Magic:  6/6        EV:  8    Int: 14    God:
Gold:   137        SH:  0    Dex: 18    Spells: 3/3 levels left

rFire   . . .        Y - +0 shortbow
rCold   . . .        (shield currently unavailable)
rNeg    + . .        c - +0 pearl dragon scales
rPois   .            (no helmet)
rElec   .            (no cloak)
rCorr   .            (no gloves)
SInv    .            d - +2 pair of boots
Will    .....        (no amulet) Stlth
                     (no ring)
HPRegen 0.24/turn    (no ring)
MPRegen 0.10/turn

%: no passive effects
@: no status effects
A: no striking features
a: no special abilities


You were on level 4 of the Dungeon.
You visited 1 branch of the dungeon, and saw 4 of its levels.

You collected 137 gold pieces.


   Skills:
 - Level 1.5 Fighting
 - Level 8.1 Ranged Weapons
 + Level 0.5 Armour
 - Level 2.4 Dodging
 - Level 1.2 Stealth


You had 3 spell levels left.
You didn't know any spells.
Your spell library was empty.

Inventory:

Hand Weapons
 Y - a +0 shortbow (weapon)
Armour
 c - +0 pearl dragon scales (worn)
 d - a +2 pair of boots (worn)
Potions
 i - a potion of might {unknown}

Dungeon Overview and Level Annotations

Branches:
Dungeon (4/15)
 Temple: D:4-7

Altars:
Gozag
Ru

Shops:
D:3 :   D:4 :


Message History

You shoot an arrow. The arrow hits the gnoll.
You kill the gnoll!
You shoot an arrow.
The arrow barely misses the gnoll sergeant.
You shoot an arrow.
The arrow hits the gnoll sergeant but does no damage.
You shoot an arrow.
The arrow hits the gnoll sergeant but does no damage.
The gnoll sergeant hits you from afar with a +0 trident.
You shoot an arrow.
The arrow closely misses the gnoll sergeant.
The gnoll sergeant hits you but does no damage. x2
You shoot an arrow.
The arrow closely misses the gnoll sergeant.
The arrow closely misses the gnoll.
The gnoll sergeant hits you from afar with a +0 trident.
You shoot an arrow.
The arrow barely misses the gnoll sergeant.
The arrow hits the gnoll but does no damage.
The gnoll sergeant hits you but does no damage.
The gnoll sergeant hits you from afar with a +0 trident.
You shoot an arrow.
The arrow hits the gnoll sergeant but does no damage.
The gnoll sergeant hits you from afar with a +0 trident.
You shoot an arrow.
The arrow barely misses the gnoll sergeant.
The gnoll sergeant hits you but does no damage.
You shoot an arrow. The arrow hits the gnoll!
The gnoll is severely wounded.
The gnoll sergeant barely misses you.
The gnoll hits you with a +0 whip of flaming.
The gnoll burns you. The gnoll sergeant barely misses you.
You shoot an arrow. The arrow hits the gnoll.
The gnoll is almost dead.
The gnoll closely misses you. The gnoll sergeant closely misses you.
You shoot an arrow. The arrow barely misses the gnoll.
The gnoll hits you with a +0 whip of flaming.
The gnoll burns you.
The gnoll sergeant hits you from afar with a +0 trident.
You die...

...............
..............!
...............
.......[.###.##
....##..)..###
...##.......#
........g...####
..........#...#
.......@g.....#
.............##
.....##....##.#
$......#....#.##
.......#.<.....#
...#.............
.. #.............
....##...#.....
#..# #........#


You could see a gnoll sergeant and a gnoll.

Vanquished Creatures
  4 gnolls
  3 dart slugs (D:2)
  4 orcs (D:3)
  6 ball pythons
  3 endoplasms
  4 giant cockroaches (D:1)
  10 goblins
  4 hobgoblins
  8 jackals
  3 kobolds
  A quokka (D:1)
  13 bats
  4 frilled lizards
  9 rats
76 creatures vanquished.

Notes
Turn   | Place    | Note
-------+----------+-------------------------------------------
     0 | D:1      | qw the Deep Elf Hunter began the quest for the Orb.
     0 | D:1      | Reached XP level 1. HP: 12/12 MP: 3/3
     0 | D:1      | 0 ||| qw: Version: 0.3-a-22-g0ed2b0b
     0 | D:1      | 0 ||| qw: Game counter: 6597
     0 | D:1      | 0 ||| qw: Melee chars always use a shield: true
     0 | D:1      | 0 ||| qw: God list: Okawaru
     0 | D:1      | 0 ||| qw: Allow faded altars: false
     0 | D:1      | 0 ||| qw: Do Orc after clearing Dungeon:15 true
     0 | D:1      | 0 ||| qw: Do second Lair branch before Depths: true
     0 | D:1      | 0 ||| qw: Lair rune preference: random
     0 | D:1      | 0 ||| qw: Goals: Normal
     0 | D:1      | 0 ||| PLANNING D:1-11
   107 | D:1      | Reached skill level 6 in Ranged Weapons
   107 | D:1      | Reached XP level 2. HP: 16/16 MP: 4/4
   588 | D:1      | Reached XP level 3. HP: 20/20 MP: 5/5
   903 | D:1      | 903 ||| READING scroll labelled XEAGACECATS.
   904 | D:1      | 904 ||| READING scroll labelled VIOCSACUNLA.
   905 | D:1      | 905 ||| READING 2 scrolls labelled SAUHUA UCREUPN.
   906 | D:1      | 906 ||| DROPPING scroll of butterflies.
   907 | D:1      | 907 ||| DROPPING scroll of amnesia.
   924 | D:2      | Reached skill level 7 in Ranged Weapons
  1070 | D:2      | Reached XP level 4. HP: 25/25 MP: 6/6
  1484 | D:2      | 1484 ||| UPGRADING to +0 ring mail.
  1494 | D:2      | 1494 ||| DROPPING +0 leather armour.
  1495 | D:2      | 1495 ||| UPGRADING to +2 pair of boots.
  1500 | D:2      | 1500 ||| READING 2 scrolls labelled FUANNE TEISISK.
  1503 | D:2      | 1503 ||| READING scroll labelled GUFFUN ZIBLA.
  1504 | D:2      | 1504 ||| DRINKING 2 glowing emerald potions.
  1553 | D:3      | Found an opulent altar of Gozag.
  1607 | D:3      | Found Ekiech's Book Shoppe.
  1657 | D:3      | Reached skill level 8 in Ranged Weapons
  1815 | D:3      | Found a sacrificial altar of Ru.
  2087 | D:3      | 2087 ||| UPGRADING to +0 pearl dragon scales.
  2097 | D:3      | 2097 ||| DROPPING +0 ring mail.
  2098 | D:3      | 2098 ||| READING 2 scrolls labelled DOZAFI VOWASS.
  2099 | D:3      | 2099 ||| READING scroll labelled YLLEOM TAIS.
  2100 | D:3      | 2100 ||| DRINKING 2 golden potions.
  2101 | D:3      | 2101 ||| DROPPING potion of brilliance.
  2102 | D:3      | 2102 ||| DROPPING scroll of immolation.
  2111 | D:4      | Noticed a gnoll sergeant
  2117 | D:4      | 2117 ||| STAIRDANCE
  2118 | D:3      | HP: 6/25 [poisoned by an adder]
  2119 | D:3      | 2119 ||| READING scroll of teleportation.
  2119 | D:3      | HP: 2/25 [adder (2)]
  2120 | D:3      | 2120 ||| DRINKING potion of heal wounds.
  2215 | D:4      | Found Wolib's Book Boutique.
  2236 | D:4      | HP: 5/25 [gnoll/+0 whip of flaming[a gnoll sergeant] (3)]
  2236 | D:4      | Slain by a gnoll sergeant

Levels and vault maps discovered:
D:1:      dpeg_arrival_subterranean_lakeside_camping, layout_loops_corners,
          minmay_pentomino_z2
D:2:      layout_rooms, palyth_stone_intersect
D:3:      minmay_wonky_spiral, layout_rooms, general_overflow_altar,
          nicolae_overflow_crystal_walls, serial_shops, shop, st_stairs_8
D:4:      layout_cave_pools, serial_shops, nicolae_shop_tiny_glass,
          saegor_snake_ambush

Skill      XL: |  1  2  3  4 |
---------------+-------------+-----
Ranged Weapons | 6 7 8 |  8.1
Fighting       | |  1.5
Armour         | |  0.5
Dodging        | |  2.4
Stealth        | |  1.2

Action                     |  1- 3 |  4- 6 || total
---------------------------+-------+-------++-------
   Fire: Shortbow          |   110 |   102 ||   212
    Use: Scroll            |     3 |     5 ||     8
         Potion            |       |     3 ||     3
 Armour: Leather armour    |    10 |     3 ||    13
         Pearl dragon scal |       |    13 ||    13
         Ring mail         |       |     8 ||     8
  Dodge: Dodged            |    20 |    45 ||    65

Table legend:
 A = Non-vault XP
 B = Vault XP
 C = Vault XP percentage of total XP
 D = Non-vault monster count
 E = Vault monster count
 F = Vault count percentage of total count
                 A         B        C        D         E       F
            +---------+---------+-------+---------+---------+-------
      Total |     167 |      19 |  10.2 |      66 |      10 |  13.2
            +---------+---------+-------+---------+---------+-------
        D:1 |      44 |      13 |  22.8 |      27 |       8 |  22.9
        D:2 |      80 |       0 |   0.0 |      22 |       0 |   0.0
        D:3 |      27 |       6 |  18.2 |      15 |       2 |  11.8
        D:4 |      16 |       0 |   0.0 |       2 |       0 |   0.0
            +---------+---------+-------+---------+---------+-------
